 Dungeon Crawl Stone Soup version 0.21.1 (webtiles) character file.

27 shakethe the Unweaver (level 2, 0/24 HPs)
             Began as a Demonspawn Abyssal Knight on Feb 3, 2018.
             Was a Follower of Lugonu.
             Succumbed to an adder's poison
             ... on level 1 of the Dungeon.
             The game lasted 00:08:01 (926 turns).

shakethe the Unweaver (Demonspawn Abyssal Knight)    Turns: 926, Time: 00:08:03

Health: 0/24       AC:  3    Str: 12    XL:     2   Next: 93%
Magic:  4/4        EV: 11    Int: 13    God:    Lugonu [*.....]
Gold:   48         SH:  0    Dex: 12    Spells: 1/1 levels left

rFire    . . .     SeeInvis .   a - +1 falchion
rCold    . . .     Gourm    .   (no shield)
rNeg     . . .     Faith    .   b - +0 leather armour
rPois    .         Spirit   .   (no helmet)
rElec    .         Reflect  .   (no cloak)
rCorr    .         Harm     .   (no gloves)
MR       .....                  (no boots)
Stlth    +.........             (no amulet)
HPRegen  0.08/turn              (no ring)
MPRegen  0.09/turn              (no ring)

@: lethally poisoned (0 -> -8)
A: demonic guardian 1
a: Depart the Abyss, Renounce Religion


You were on level 1 of the Dungeon.
You worshipped Lugonu.
Lugonu was aware of your devotion.
You were not hungry.

You visited 1 branch of the dungeon, and saw 2 of its levels.
You visited the Abyss 1 time.

You collected 48 gold pieces.

Inventory:

Hand Weapons
 a - a +1 falchion (weapon)
 e - a +0 club
 g - a +0 dagger
 h - a +0 hunting sling
 i - a +0 dagger
 j - a +0 club
 l - a +0 club
Missiles
 k - 19 stones (quivered)
 n - 21 arrows
Armour
 b - a +0 leather armour (worn)
Scrolls
 m - a scroll of teleportation
Potions
 f - a potion of agility {unknown}
Comestibles
 c - a ration


   Skills:
 - Level 3.0 Fighting
 * Level 2.8 Long Blades
 - Level 1.7 Armour
 - Level 0.8 Dodging
 * Level 3.1 Invocations


You had one spell level left.
You didn't know any spells.

Dungeon Overview and Level Annotations

Branches:
Dungeon (2/15)

Altars:


Innate Abilities, Weirdness & Mutations

A weak demonic guardian rushes to your aid.


Message History

The adder is heavily wounded.
The frilled lizard unfolds its giant frill.
The adder bites you but does no damage.
* * * LOW HITPOINT WARNING * * *
You feel sick. The adder closely misses you.
You riposte.
You hit the adder.
The adder is heavily wounded.
* * * LOW HITPOINT WARNING * * *
You feel sick.
* * * LOW HITPOINT WARNING * * *
You feel sick. The adder closely misses you.
* * * LOW HITPOINT WARNING * * *
You feel sick.
There is a stone staircase leading up here.
* * * LOW HITPOINT WARNING * * *
You feel sick. The adder bites you.
* * * LOW HITPOINT WARNING * * *
The adder bites you.
* * * LOW HITPOINT WARNING * * *
You climb upwards.
You die...

# #.#.# #.#.. # #.#.# ####.#.. #
#.#.# #....... # #.#.# ######
#.##.#.. # #.#.# .....# #.##.#.#
# #.#.###.# #.# ########.##.#..
#####.#.....# #.# #.......###'###
#..........####.###..............
#...............@S...............
#..........###.....####..........
#..........# #.....# #..........
############ #.....####.........#
####### #.......############
.#....########.......#
.+....##.......##.##.#
.#....##.##.##.#...#.#
.#....##.#...#.......# ##########


You could see an adder.

Vanquished Creatures
  An ooze (D:1)
  A leopard gecko (D:1)
  3 bats (D:1)
  3 goblins (D:1)
  A hobgoblin (D:1)
  3 jackals (D:1)
  4 frilled lizards (D:1)
  2 kobolds (D:1)
  3 rats (D:1)
21 creatures vanquished.

Notes
Turn   | Place    | Note
-------+----------+-------------------------------------------
     0 | Abyss:1  | shakethe the Demonspawn Abyssal Knight began the quest for the Orb.
     0 | Abyss:1  | Reached XP level 1. HP: 18/18 MP: 2/2
     1 | D:1      | Escaped the Abyss
    77 | D:1      | Gained mutation: A weak demonic guardian rushes to your aid. [demonic ancestry]
    77 | D:1      | Reached XP level 2. HP: 18/24 MP: 4/4
   484 | D:1      | Reached * piety under Lugonu
   925 | D:2      | HP: 1/24 [adder (1)]
   926 | D:1      | Succumbed to an adder's poison

Skill      XL: |  1  2 |
---------------+-------+-----
Long Blades    | 2 |  2.8
Invocations    | 3 |  3.1
Fighting       | |  3.0
Armour         | |  1.7
Dodging        | |  0.8

Action                   || total
-------------------------++-------
Melee: Falchion          ||    60
Invok: Depart the Abyss  ||     1
  Use: Scroll            ||     2
Armor: Leather armour    ||    30
Dodge: Dodged            ||    44
       Rpst.: Falchion   ||    12
